AoeStats
← Rablebok

Lombardia

509154754Analyzed
3v3 RM · 8d ago on Sep 25, 2026· 29m 29s· 6 players
Game mode
Random Map
Map size
Normal (6 player)
Population
200
Speed
Normal
Resources
Standard
Victory
Conquest
Starting age
Dark Age
Ending age
Imperial Age
RankedLock teamsTeams togetherTeam positionsShared explorationLock speedFull tech treeHidden civsTurbo modeCheats
Victory
Defeat
🇳🇴 Aztecs · Norway
1295
+10
🇳🇴 Magyars · Norway
1115
+17
🇳🇴 Mongols · Norway
1062
+19
🇮🇳 Vietnamese · India
1379
-25
🇮🇳 Maya · India
1085
-28
🇮🇳 Magyars · India
950
-27
Undead
6:42 Loom
9:49 Feudal Age
10:53 Double-Bit Axe
10:53 Horse Collar
13:39 Fletching
15:51 Wheelbarrow
21:16 Castle Age
22:24 Wheelbarrow
21:54 Bodkin Arrow
21:24 Crossbowman
23:23 Bow Saw
28:11 Hand Cart
Degenereat Potato
10:35 Feudal Age
15:19 Horse Collar
24:30 Bloodlines
27:06 Castle Age
28:35 Gold Mining
Pocarus
0:29 Loom
10:33 Feudal Age
12:01 Horse Collar
12:51 Double-Bit Axe
15:12 Fletching
16:06 Padded Archer Armor
29:38 Castle Age
Lance
7:08 Loom
10:36 Feudal Age
13:02 Double-Bit Axe
16:34 Bloodlines
19:47 Castle Age
17:54 Scale Barding Armor
19:59 Gold Mining
20:57 Horse Collar
22:00 Husbandry
22:46 Bow Saw
23:26 Heavy Plow
26:28 Chain Barding Armor
28:12 Wheelbarrow
29:55 Hand Cart
Ulven aldri mett
3:02 Loom
11:50 Feudal Age
18:51 Castle Age
19:40 Double-Bit Axe
19:46 Horse Collar
20:00 Town Watch
20:41 Crossbowman
21:48 Fletching
22:41 Padded Archer Armor
24:41 Bow Saw
27:04 Heavy Plow
27:45 Wheelbarrow
28:04 Bodkin Arrow
Rablebok
8:52 Loom
10:38 Feudal Age
11:48 Double-Bit Axe
15:21 Fletching
19:56 Wheelbarrow
22:55 Castle Age
21:51 Padded Archer Armor
21:59 Gold Mining
21:52 Horse Collar
22:58 Crossbowman
23:34 Bodkin Arrow
23:50 Bow Saw
27:49 Ballistics
Connection lost

Rejoining the realm…

Still unreachable

The connection could not be restored.

Session expired

The server has moved on; the page needs a fresh start.